 Dungeon Crawl Stone Soup version 0.30.1-11-g7821555f0a (webtiles) character file.

Game seed: 4589737187062178314

21431 Ahithopel the Spear-Bearer (level 12, -9/150 HPs)
             Began as a Green Draconian Monk on Dec 26, 2023.
             Was a High Priest of Cheibriados.
             Mangled by Rupert
             ... wielding a +6 great sword of protection
              (24 damage)
             ... on level 4 of the Lair of Beasts.
             The game lasted 01:00:02 (13541 turns).

Ahithopel the Spear-Bearer (Green Draconian Monk)  Turns: 13541, Time: 01:00:02

Health: -9/150     AC: 13    Str: 33    XL:     12   Next: 54%
Magic:  16/20      EV: 25    Int: 22    God:    Cheibriados [*****.]
Gold:   2321       SH:  0    Dex: 32    Spells: 2/20 levels left

rFire   x . .        P - +6 halberd "Gaep" {elec, Str+4 Int-2}
rCold   . . .        (shield currently unavailable)
rNeg    . . .        (body armour unavailable)
rPois   +            (helmet restricted)
rElec   +            w - +0 cloak "Vyiwkui" {rElec Dex+3}
rCorr   .            N - +1 pair of gloves
SInv    +            Y - +1 pair of boots
Will    ++...        a - necklace of Bloodlust {Fury *Rage Will++ Int-3 Slay+6} Stlth
                     s - ring of see invisible
HPRegen 0.45/turn    u - +5 ring of evasion
MPRegen 0.17/turn

%: random rage (50%)
@: berserking, very slow
A: breathe noxious fumes, AC +8, unfitting armour, poison resistance,
cold-blooded, high MP 1, heat vulnerability 1
a: Breathe Noxious Fumes, Renounce Religion, Bend Time, Temporal Distortion,
Slouch, Step From Time


You were on level 4 of the Lair of Beasts.
You worshipped Cheibriados.
Cheibriados was extremely pleased with you.
You visited 2 branches of the dungeon, and saw 15 of its levels.
You also visited: Bailey.

You collected 3204 gold pieces.
You spent 883 gold pieces at shops.

Inventory:

Hand Weapons
 P - the +6 halberd "Gaep" (weapon) {elec, Str+4 Int-2}
   (You found it on level 10 of the Dungeon)

   Str:       It affects your strength (+4).
   Int:       It affects your intelligence (-2).
Missiles
 m - 15 boomerangs
 B - 11 javelins
 I - 2 throwing nets
 M - 10 curare-tipped darts (quivered)
Armour
 c - an orb of light
 w - the +0 cloak "Vyiwkui" (worn) {rElec Dex+3}
   (You acquired it on level 1 of the Lair of Beasts)

   Dex:       It affects your dexterity (+3).
   rElec:     It insulates you from electricity.
 A - a scarf of resistance
 N - a +1 pair of gloves (worn)
 Y - a +1 pair of boots (worn)
Jewellery
 a - the necklace of Bloodlust (around neck) {Fury *Rage Will++ Int-3 Slay+6}
   (You bought it in a shop on level 3 of the Dungeon)

   [amulet of nothing]

   Fury:      It extends the wearer's berserk rage when killing foes.
   Int:       It affects your intelligence (-3).
   Slay:      It affects your accuracy & damage with ranged weapons and melee
   (+6).
   *Rage:     It berserks you when you make melee attacks (+50% chance).
   Will:      It greatly increases your willpower.
 o - a ring of flight
 q - an amulet of magic regeneration
 s - a ring of see invisible (left hand)
 u - a +5 ring of evasion (right hand)
 C - a ring of protection from fire
 G - an amulet of regeneration
 O - a ring of ice
 U - a ring of ice
 V - a +4 ring of protection
 X - a ring of protection from cold
Wands
 n - a wand of iceblast (21)
 r - a wand of charming (10)
 x - a wand of flame (54)
 H - a wand of acid (7)
Scrolls
 e - 2 scrolls of torment
 l - 6 scrolls of vulnerability
 p - 3 scrolls of immolation
 v - 4 scrolls of poison
 y - 3 scrolls of amnesia
 D - 6 scrolls of enchant armour
 F - 2 scrolls of magic mapping
 K - 3 scrolls of teleportation
Potions
 b - 3 potions of ambrosia
 d - 10 potions of curing
 f - a potion of berserk rage {unknown}
 g - 2 potions of heal wounds
 h - 5 potions of flight {unknown}
 i - a potion of attraction
 j - 3 potions of haste
 k - 2 potions of magic
 t - a potion of cancellation
 z - a potion of resistance {unknown}
 J - a potion of brilliance {unknown}
 L - 4 potions of might {unknown}
 S - a potion of degeneration {unknown}
 T - 3 potions of lignification {unknown}
 W - a potion of mutation
Miscellaneous
 R - a tin of tremorstones (2/2)


   Skills:
 * Level 7.2 Fighting
 * Level 5.4(7.0) Short Blades
 * Level 6.7(7.6) Long Blades
 * Level 8.6(8.7) Polearms
 + Level 1.9(5.7) Staves
 * Level 4.1 Throwing
 * Level 6.8 Dodging
 * Level 6.3 Stealth
 * Level 4.6 Spellcasting
 * Level 3.5 Conjurations
 * Level 3.0 Hexes
 * Level 3.5 Necromancy
 * Level 4.0 Translocations
 * Level 4.2 Fire Magic
 * Level 5.4 Invocations
 * Level 5.0 Evocations


You had 2 spell levels left.
You knew the following spells:

 Your Spells              Type           Power      Damage    Failure   Level
a - Volatile Blastmotes   Fire/Tloc      46%        2d13      6%          3
b - Dazzling Flash        Conj/Hex       38%        N/A       9%          3
c - Animate Dead          Necr           20%        N/A       24%         4
d - Fireball              Conj/Fire      11%        3d7       52%         5
e - Tukima's Dance        Hex            18%        N/A       9%          3

Your spell library contained the following spells:

 Spells                   Type           Power      Damage    Failure   Level
 Lesser Beckoning         Tloc           46%        N/A       3%          2
 Cigotuvi's Dreadful Rot  Necr/Pois/Air  20%        N/A       10%         2
 Gell's Gravitas          Tloc           23%        N/A       6%          3
 Teleport Other           Tloc           23%        N/A       6%          3
 Ignite Poison            Fire/Tmut/Pois 11%        N/A       19%         3
 Passage of Golubria      Tloc           23%        N/A       21%         4
 Iskenderun's Mystic Bla  Conj/Tloc      21%        2d6       22%         4
 Cause Fear               Hex            9%         N/A       30%         4
 Leda's Liquefaction      Hex/Erth       5%         N/A       50%         4
 Iskenderun's Battlesphe  Conj           20%        2d7       56%         5
 Summon Lightning Spire   Summ/Air       5%         N/A       71%         4
 Borgnjor's Vile Clutch   Necr/Erth      6%         N/A       80%         5
 Summon Mana Viper        Hex/Summ       11%        N/A       83%         5
 Yara's Violent Unravell  Hex/Tmut       5%         3d4       83%         5
 Freezing Cloud           Conj/Ice/Air   5%         6-21      87%         5
 Alistair's Intoxication  Tmut/Pois      3%         N/A       96%         5
 Starburst                Conj/Fire      11%        6d5       97%         6
 Death Channel            Necr           10%        N/A       98%         6
 Conjure Ball Lightning   Conj/Air       6%         3x3d6     100%        6
 Eringya's Noxious Bog    Tmut/Pois      2%         N/A       100%        6
 Plasma Beam              Fire/Air       7%         2x1d19    100%        6
 Statue Form              Tmut/Erth      3%         N/A       100%        6
 Orb of Destruction       Conj           10%        9d6       100%        7
 Storm Form               Tmut/Air       2%         N/A       100%        7


Dungeon Overview and Level Annotations

Branches:
Dungeon (11/15)            Temple (0/1) D:5            Lair (4/5) D:11
 Bailey (visited)
  Swamp: Lair:2-3    Shoals: Lair:2-3     Snake: Lair:2-3    Spider: Lair:2-3
  Slime: Lair:4-5       Orc: D:9-12

Altars:
Cheibriados
Gozag
Hepliaklqana
Kikubaaqudgha
Ru
Uskayaw
Yredelemnul
The Shining One

Shops:
D:3 =   D:7 [   D:10 *

Annotations:
Lair:4 Rupert


Innate Abilities, Weirdness & Mutations

You can breathe blasts of noxious fumes.
Your lurid green scales are hard. (AC +8)
You cannot fit into any form of body armour.
Your system is resistant to poisons. (rPois)
You are cold-blooded and may be slowed by cold attacks.
You have an increased reservoir of magic. (+10% MP)
You are vulnerable to heat. (rF-)


Message History

Rupert attacks as you move away!
Rupert hits you with a +6 great sword of protection!
Rupert misses you. Rupert completely misses you.
Press: ? - help, v - describe, . - travel
Here: Rupert, wielding a +6 great sword of protection and wearing a +0 scale mail (berserk)
The floor.
Okay, then.
Activating: Slouch (16% risk of failure)
Press: ? - help, Dir - look around, f - activate You can feel time thicken for a moment.
Cheibriados lowers the support of your attributes as your movement quickens.
Rupert closely misses you. Rupert barely misses you.
Unknown command.
A red film seems to cover your vision as you go berserk!
Cheibriados protects you from inadvertent hurry.
You feel mighty!
You closely miss Rupert.
Rupert is moderately wounded.
Rupert hits you with a +6 great sword of protection!
You puncture Rupert!
Your tail-slap misses Rupert.
Rupert is moderately wounded.
Rupert barely misses you.
Rupert hits you with a +6 great sword of protection!!
You barely miss Rupert. You tail-slap Rupert!
Rupert is moderately wounded.
Rupert completely misses you.
Rupert hits you with a +6 great sword of protection!!
You slice Rupert!!
Rupert is heavily wounded.
Rupert hits you with a +6 great sword of protection!
You impale Rupert!! Lightning courses through Rupert!
Rupert is severely wounded.
Rupert misses you. Rupert completely misses you.
You impale Rupert!!
Your tail-slap misses Rupert.
Rupert is almost dead.
Rupert hits you with a +6 great sword of protection!!
* * * LOW HITPOINT WARNING * * *
You barely miss Rupert. You tail-slap Rupert.
Rupert is almost dead.
Rupert hits you with a +6 great sword of protection!!
You die...

.... #.. ...
##.. .@#
#.#####
#.##..#####.
#..@@.......
#...........
#.P....!....
##.P.#####P#.
#....# #
##..####### ##
##.P###P#.###.#
#.............#
##........†...#


You could see Rupert (berserk).

Vanquished Creatures
  Fannar (D:10)
  A hydra (Lair:3)
  Lodul (D:10)
  Pikel (D:6)
  A manticore (D:11)
  An ugly thing (D:11)
  2 black mambas
  A gargoyle (D:10)
  3 cane toads
  Psyche (D:9)
  2 komodo dragons
  An unseen horror (D:10)
  2 trolls (D:11)
  Grinder (D:5)
  5 dream sheep (Lair:3)
  3 blink frogs (Lair:1)
  A shadow (D:11)
  Sigmund (D:3)
  3 wraiths
  2 fire bats (Lair:1)
  6 wyverns
  16 yaks
  2 basilisks
  2 steam dragons
  An acid dragon (D:10)
  5 water moccasins
  Duvessa (D:7)
  16 orc warriors
  2 black bears
  3 ice beasts
  10 ogres
  16 centaurs
  A wolf (Lair:1)
  A lemure (D:6)
  A kobold brigand (D:7)
  8 bullfrogs
  2 scorpions (D:4)
  13 wights
  Dowan (D:7)
  5 killer bees (D:10)
  7 howler monkeys
  7 hounds
  7 orc priests
  A gnoll bouda (D:8)
  2 jellies
  A sleepcap (D:5)
  8 iguanas
  8 orc wizards
  8 gnolls
  6 adders
  A shadow imp (D:7)
  An ufetubus (D:6)
  A worm (D:2)
  5 dart slugs
  64 orcs
  13 ball pythons
  5 endoplasms
  6 giant cockroaches
  5 goblins
  9 hobgoblins
  3 jackals (D:5)
  10 kobolds
  3 quokkas
  8 bats
  A frilled lizard (D:2)
  6 rats
342 creatures vanquished.

Vanquished Creatures (collateral kills)
  A cane toad (Lair:3)
  2 dream sheep (Lair:3)
  A water moccasin (Lair:3)
  A gnoll sergeant (D:9)
  An orc priest (D:4)
6 creatures vanquished.

Vanquished Creatures (others)
  6 dream sheep zombies (Lair:3)
  An electric eel (D:8)
  An orc wizard (D:4)
8 creatures vanquished.

Grand Total: 356 creatures vanquished

Notes
Turn   | Place    | Note
-------+----------+-------------------------------------------
     0 | D:1      | Ahithopel the Draconian Monk began the quest for the Orb.
     0 | D:1      | Reached XP level 1. HP: 19/19 MP: 1/1
    24 | D:1      | Got the Atlas of the Hexing Mesa
   104 | D:1      | Reached XP level 2. HP: 25/26 MP: 2/2
   318 | D:2      | Found a faded altar of an unknown god.
   331 | D:2      | Prayed at the altar of an unknown god.
   331 | D:2      | Became a worshipper of Cheibriados the Contemplative
   331 | D:2      | Reached * piety under Cheibriados
   331 | D:2      | Reached ** piety under Cheibriados
   567 | D:2      | Reached *** piety under Cheibriados
   765 | D:2      | Reached XP level 3. HP: 31/31 MP: 3/3
  1366 | D:1      | Reached skill level 1 in Spellcasting
  1429 | D:1      | Reached skill level 1 in Stealth
  1585 | D:1      | Reached **** piety under Cheibriados
  2013 | D:3      | Reached XP level 4. HP: 40/40 MP: 5/5
  2039 | D:3      | Reached skill level 1 in Short Blades
  2236 | D:3      | Noticed Sigmund
  2241 | D:3      | Killed Sigmund
  2242 | D:3      | Reached skill level 1 in Invocations
  2242 | D:3      | Reached XP level 5. HP: 46/46 MP: 5/7
  2325 | D:3      | Reached XP level 6. HP: 52/52 MP: 8/8
  2482 | D:3      | Found Renaguo's Jewellery Boutique.
  2488 | D:3      | Bought a ring of see invisible for 195 gold pieces
  2519 | D:3      | Noticed an ice beast
  2532 | D:3      | Killed an ice beast
  2533 | D:3      | Reached skill level 1 in Evocations
  3167 | D:4      | Your scales start taking on a lurid green colour.
  3167 | D:4      | Reached XP level 7. HP: 60/60 MP: 9/9
  3167 | D:4      | Gained mutation: Your system is resistant to poisons.
                  | (rPois) [Green Draconian growth]
  3172 | D:4      | Reached ***** piety under Cheibriados
  3329 | D:4      | Reached skill level 1 in Polearms
  3564 | D:4      | Identified a scroll of acquirement
  3564 | D:4      | Acquired 817 gold pieces
  4174 | D:3      | Bought the necklace of Bloodlust {Fury *Rage Will++ Int-3
                  | Slay+6} for 588 gold pieces
  4174 | D:3      | Found the necklace of Bloodlust {Fury *Rage Will++ Int-3
                  | Slay+6}
  4211 | D:4      | You fall into a shaft and drop 1 floor!
  4211 | D:5      | Entered Level 5 of the Dungeon
  4244 | D:5      | Found a staircase to the Ecumenical Temple.
  4398 | D:5      | Found a runed translucent door.
  4419 | D:5      | Reached skill level 2 in Polearms
  4419 | D:5      | Reached XP level 8. HP: 60/67 MP: 5/11
  4432 | D:5      | Reached skill level 3 in Polearms
  4491 | D:5      | Learned a level 3 spell: Volatile Blastmotes
  4667 | D:5      | Reached skill level 5 in Fighting
  4898 | D:5      | Noticed Grinder
  4912 | D:5      | Killed Grinder
  4913 | D:5      | Reached skill level 5 in Long Blades
  4913 | D:5      | Reached skill level 4 in Polearms
  4913 | D:5      | Reached skill level 1 in Translocations
  5233 | D:6      | Reached skill level 1 in Throwing
  5233 | D:6      | Reached skill level 1 in Fire Magic
  5259 | D:6      | Reached XP level 9. HP: 12/74 MP: 7/13
  5673 | D:6      | Reached skill level 5 in Dodging
  5780 | D:6      | Reached skill level 5 in Polearms
  5787 | D:6      | Acquired 869 gold pieces
  5789 | D:6      | Acquired a scarf of resistance
  6108 | D:6      | Noticed Pikel
  6120 | D:6      | Killed Pikel
  6553 | D:7      | Noticed Dowan
  6554 | D:7      | Noticed Duvessa
  6557 | D:7      | Killed Dowan
  6561 | D:7      | Killed Duvessa
  6568 | D:7      | Reached skill level 6 in Polearms
  6677 | D:7      | Found Neree's Armour Boutique.
  6720 | D:7      | Got the Atlas of the Squall
  6725 | D:7      | Learned a level 3 spell: Dazzling Flash
  6903 | D:7      | Reached XP level 10. HP: 83/83 MP: 14/14
  7217 | D:8      | Learned a level 4 spell: Animate Dead
  7499 | D:8      | Reached skill level 1 in Conjurations
  7907 | D:8      | You fall into a shaft and drop 1 floor!
  7934 | D:9      | Found a glowing golden altar of the Shining One.
  8199 | D:9      | Noticed Psyche
  8207 | D:9      | Killed Psyche
  8211 | D:9      | Reached ****** piety under Cheibriados
  8212 | D:9      | Reached skill level 1 in Staves
  8501 | D:9      | Found an opulent altar of Gozag.
  8508 | D:9      | Found an ancient bone altar of Kikubaaqudgha.
  8516 | D:9      | Found a snail-covered altar of Cheibriados.
  8523 | D:9      | Found a sacrificial altar of Ru.
  8531 | D:9      | Found a hazy altar of Hepliaklqana.
  8538 | D:9      | Found a hide-covered altar of Uskayaw.
  8552 | D:9      | Found a basalt altar of Yredelemnul.
  8596 | D:9      | Reached skill level 1 in Necromancy
  8767 | D:10     | Entered Level 10 of the Dungeon
  8835 | D:10     | Reached skill level 1 in Hexes
  8871 | D:10     | Noticed Fannar
  8884 | D:10     | Killed Fannar
  8911 | D:10     | Found Wiwnugg's Serpentskin Sales.
  8916 | D:10     | Bought 5 curare-tipped darts for 60 gold pieces
  8916 | D:10     | Bought a scroll of poison for 40 gold pieces
  8968 | D:10     | Found a flagged portal.
  8979 | D:10     | Identified the +6 halberd "Gaep" {elec, Str+4 Int-2}
  8983 | Bailey   | Entered a bailey
  9132 | Bailey   | Reached skill level 5 in Stealth
  9363 | Bailey   | Reached XP level 11. HP: 89/89 MP: 16/16
  9423 | Bailey   | Identified the +6 falchion of Eternal Vigilance {vamp,
                  | rPois}
 10160 | D:10     | Noticed Lodul
 10185 | D:10     | Killed Lodul
 10202 | D:10     | Gained mutation: You have an increased reservoir of magic.
                  | (+10% MP) [potion of mutation]
 10202 | D:10     | Gained mutation: You are vulnerable to heat. (rF-) [potion
                  | of mutation]
 11028 | D:11     | Reached skill level 7 in Polearms
 11327 | D:11     | Noticed a red ugly thing
 11336 | D:11     | Killed a red ugly thing
 11362 | D:11     | Found a staircase to the Lair.
 11584 | Lair:1   | Entered Level 1 of the Lair of Beasts
 11659 | Lair:1   | Reached skill level 5 in Invocations
 11708 | Lair:1   | Acquired the +0 cloak "Vyiwkui" {rElec Dex+3}
 11824 | Lair:1   | Reached skill level 5 in Short Blades
 11829 | Lair:1   | Reached XP level 12. HP: 97/97 MP: 20/20
 12290 | Lair:3   | Reached skill level 8 in Polearms
 12356 | Lair:3   | Learned a level 5 spell: Fireball
 12596 | Lair:3   | Learned a level 3 spell: Tukima's Dance
 12732 | Lair:3   | Reached skill level 5 in Evocations
 12924 | Lair:3   | Identified the +1 robe of Weib {rF+ Int+5 Slay+2}
 13101 | Lair:3   | Noticed a five-headed hydra
 13107 | Lair:3   | Killed a seven-headed hydra
 13529 | Lair:4   | Noticed Rupert
 13541 | Lair:4   | Mangled by Rupert

Illustrated notes

Levels and vault maps discovered:
D:1:      dpeg_arrival_rooms_b, layout_rooms
D:2:      layout_loops_cross, serial_co_window_serial,
          co_window_of_opportunity_a, co_window_paths_a, co_window_corner_a,
          co_window_of_opportunity_a, co_window_paths_a, co_window_broadway_c,
          co_window_2corner, co_window_broadway_b, co_window_unsneaky_path_a,
          co_window_of_opportunity_b, co_window_2corner, co_window_4corner_a,
          glass_columns_a, glass_columns_a, glass_columns_a, glass_columns_c,
          glass_columns_b, hellmonk_ecumenical_altar_heavens_door
D:3:      layout_loops_ring, serial_shops, nicolae_shop_rolling_square,
          uniq_sigmund
D:4:      layout_basic, glass_columns_a, serial_bayou_pond_c,
          hangedman_decor_peaks_small, minmay_misc_feat_nine_boxes,
          kennysheep_generic_room_4
D:5:      layout_basic, temple_doors_ab, lightli_church_of_beogh, uniq_grinder
D:6:      layout_gridville, uniq_pikel
D:7:      layout_gridville, serial_shops, shop, uniq_duvessa
D:8:      layout_loops_cross, serial_bayou_pond_b
D:9:      layout_rooms, mainiacjoe_overflow_paths,
          grunt_temple_overflow_octagram, minmay_increasing_density, uniq_psyche
D:10:     layout_stronghold, enter_bailey_2, minivault_22, guppyfry_shop_venom,
          uniq_lodul, uniq_fannar
D:11:     layout_basic, minmay_lair_entry_grove
Lair:1:   layout_gridlike, beast_lair_carwin_3
Lair:2:   layout_cave_pods, nicolae_swamp_entry_spooky,
          spider_nest_entry_rubble, grunt_megastairs_1, serial_bayou_shore_a
Lair:3:   layout_regular_city, grunt_megastairs_2
Lair:4:   layout_long_grid, gammafunk_ghost_arena, nicolae_lair_lakeside_cave,
          uniq_rupert

Skill      XL: |  1  2  3  4  5  6  7  8  9 10 11 12 |
---------------+-------------------------------------+-----
Dodging        | 3 4 5 6 |  6.8
Spellcasting   | 1 2 3 4 |  4.6
Stealth        | 1 2 3 4 5 6 |  6.3
Short Blades   | 1 2 3 4 5 |  5.4
Fighting       | 4 5 6 7 |  7.2
Long Blades    | 4 5 6 |  6.7
Invocations    | 1 2 3 4 5 |  5.4
Evocations     | 1 2 3 4 5 |  5.0
Polearms       | 2 4 6 7 8 |  8.6
Translocations | 1 2 3 4 |  4.0
Throwing       | 1 2 3 4 |  4.1
Fire Magic     | 1 2 3 4 |  4.2
Conjurations   | 2 3 |  3.5
Staves         | 1 |  1.9
Necromancy     | 1 2 3 |  3.5
Hexes          | 1 2 3 |  3.0

Action                     |  1- 3 |  4- 6 |  7- 9 | 10-12 || total
---------------------------+-------+-------+-------+-------++-------
  Melee: Falchion          |    82 |       |       |       ||    82
         Tailslap          |    11 |     9 |    19 |    26 ||    65
         Short sword       |     8 |    33 |       |       ||    41
         Halberd           |       |    20 |   133 |   163 ||   316
         Quarterstaff      |       |       |     1 |    46 ||    47
  Throw: Boomerang         |       |       |    19 |     8 ||    27
         Dart              |       |       |       |     4 ||     4
   Cast: Animate Dead      |       |       |       |     1 ||     1
 Invoke: Slouch            |       |       |     3 |     7 ||    10
         Bend Time         |       |       |     1 |       ||     1
Ability: Breathe Noxious F |       |       |    19 |    40 ||    59
  Evoke: Wand              |       |     7 |     1 |     9 ||    17
         Tin of tremorston |       |       |       |     2 ||     2
    Use: Scroll            |     7 |     1 |    12 |    12 ||    32
         Potion            |       |       |       |     3 ||     3
   Stab: Sleeping          |       |     1 |     4 |     8 ||    13
         Confused          |       |       |     5 |    12 ||    17
         Distracted        |       |       |     1 |     3 ||     4
 Armour: Skin              |    36 |    27 |    40 |    69 ||   172
  Dodge: Dodged            |   105 |    87 |   292 |   497 ||   981
